 Dungeon Crawl Stone Soup version 0.24.0-13-gcf9b3192b9 (webtiles) character file.

Game seed: 8345063366923387056, levelgen mode: deterministic

1130 Quickbrownfox the Archer (level 8, -7/66 HPs)
             Began as a Centaur Arcane Marksman on Nov 6, 2019.
             Was a Priest of Okawaru.
             Mangled by an ice beast (13 damage)
             ... on level 4 of the Dungeon on Nov 8, 2019.
             The game lasted 00:24:44 (3874 turns).

Quickbrownfox the Archer (Centaur Arcane Marksman)  Turns: 3874, Time: 00:24:45

Health: -7/66      AC:  8    Str: 13    XL:     8   Next: 13%
Magic:  9/10       EV:  9    Int: 12    God:    Okawaru [***...]
Gold:   286        SH:  6    Dex: 12    Spells: 4/10 levels left

rFire    . . .     SeeInvis .   z - +1 whip (freeze)
rCold    . . .     Gourm    .   (no shield)
rNeg     . . .     Faith    .   w - +0 ring mail (curse)
rPois    .         Spirit   .   B - +2 helmet
rElec    .         Reflect  +   (no cloak)
rCorr    +         Harm     .   (no gloves)
MR       .....                  (no barding)
Stlth    ..........             q - +6 amulet of reflection
HPRegen  0.21/turn              s - ring of resist corrosion
MPRegen  0.12/turn              (no ring)

@: lethally poisoned (-7 -> -10), very quick
A: large, hooves 3, deformed body, speed 2, tough skin 3
a: Heroism, Renounce Religion


You were on level 4 of the Dungeon.
You worshipped Okawaru.
Okawaru was most pleased with you.
You were hungry.

You visited 1 branch of the dungeon, and saw 5 of its levels.

You collected 286 gold pieces.

Inventory:

Hand Weapons
 a - a +0 shortbow
 j - a +0 dagger
 y - a +0 flail
 z - a +1 whip of freezing (weapon)
Missiles
 d - 22 arrows
 A - a javelin (quivered)
Armour
 e - a +0 robe
 w - a cursed +0 ring mail (worn)
 B - a +2 helmet (worn)
Jewellery
 o - an uncursed amulet of faith {unknown}
 q - a +6 amulet of reflection (around neck)
 s - a ring of resist corrosion (left hand)
 t - a cursed amulet of inaccuracy {unknown}
Wands
 u - a wand of iceblast (10)
 x - a wand of enslavement (13)
Scrolls
 c - a scroll of random uselessness
 h - a scroll of teleportation {unknown}
 i - a scroll of identify {unknown}
 l - a scroll of amnesia
 m - a scroll of magic mapping
 p - a scroll of remove curse
 v - a scroll of fog {unknown}
Potions
 b - 2 potions of flight
 g - 5 potions of agility
 n - a potion of curing
 r - a potion of magic {unknown}
Comestibles
 f - 10 rations


   Skills:
 + Level 3.6 Fighting
 + Level 0.2 Short Blades
 + Level 0.7 Maces & Flails
 + Level 9.7 Bows
 + Level 0.2 Throwing
 + Level 1.0 Armour
 + Level 2.2 Dodging
 + Level 0.1 Stealth
 + Level 1.9 Spellcasting
 + Level 3.7 Hexes
 + Level 0.4 Evocations


You had 4 spell levels left.
You knew the following spells:

 Your Spells              Type           Power        Failure   Level  Hunger
a - Corona                Hex            ##.....      13%         1    ##.....
b - Slow                  Hex            ##......     19%         2    ###....
c - Portal Projectile     Hex/Tloc       #.....       63%         3    ####...

Your spell library contained the following spells:

 Spells                   Type           Power        Failure   Level  Hunger
 Confuse                  Hex            ##......     36%         3    ####...
 Tukima's Dance           Hex            ##......     36%         3    ####...
 Ensorcelled Hibernation  Hex/Ice        #.....       38%         2    ###....
 Dazzling Spray           Conj/Hex       #.....       63%         3    ####...
 Inner Flame              Hex/Fire       #.......     63%         3    ####...
 Cause Fear               Hex            ##........   77%         4    #####..
 Leda's Liquefaction      Hex/Erth       #.........   95%         4    #####..


Dungeon Overview and Level Annotations

Branches:
Dungeon (5/15)
 Temple: D:4-7

Altars:
Cheibriados
Dithmenos
Kikubaaqudgha
Nemelex Xobeh
Okawaru
The Shining One


Innate Abilities, Weirdness & Mutations

You have hooves in place of feet.
Armour fits poorly on your strangely shaped body.
You cover ground very quickly.
You have extremely tough skin. (AC +3)


Message History

The ice beast hits you but does no damage.
The worker ant bites you.
* * * LOW HITPOINT WARNING * * *
You block the ice beast's attack.
You hit the worker ant. You freeze the worker ant.
You kill the worker ant!
Okawaru accepts your kill.
You feel sick.
The ice beast hits you but does no damage.
You feel sick.
Things that are here:
a +0 leather armour; a +0 mace You block the ice beast's attack.
There is a stone staircase leading down, spattered with blood here.
An ice beast is nearby!
An ice beast is nearby!
You feel sick. The ice beast hits you.
* * * LOW HITPOINT WARNING * * *
The ice beast freezes you!
You die...

..#.###..)((#.......#
.##.##...##.(.......#
.##.##.#.###..[<(...#
##..#....# ##..)....#
.#.##[#.## #.......#
.#.##.#.# #.......#
...#..#.# #.....).#
#....##.# #...÷Y[.#
...####.# #...@>).#
.<## #.# ###.#####
..# #.# #.# ..# #.#
#.# ..# #.# #.# ..#
#.# #.# ..# #.# #.#
..# #.#######.### ..#
#.#.........#


You could see an ice beast.

Vanquished Creatures
  Pikel (D:4)
  Grinder (D:3)
  An ogre (D:4)
  3 hounds
  An orc priest (D:3)
  3 worker ants
  Robin (D:4)
  8 gnolls
  6 adders
  An ooze (D:3)
  5 worms
  2 dart slugs (D:1)
  9 orcs
  8 bats
  7 giant cockroaches
  5 goblins
  7 hobgoblins
  4 jackals (D:3)
  2 quokkas (D:4)
  3 ball pythons
  6 frilled lizards
  4 kobolds
  A leopard gecko skeleton (D:4)
  A quokka skeleton (D:5)
  A quokka zombie (D:5)
  5 rats
96 creatures vanquished.

Vanquished Creatures (collateral kills)
  An ooze (D:3)
  An orc (D:3)
  A quokka (D:3)
  A bat (D:3)
4 creatures vanquished.

Vanquished Creatures (others)
  7 goblins (D:4)
  3 hobgoblins (D:4)
10 creatures vanquished.

Grand Total: 110 creatures vanquished

Notes
Turn   | Place    | Note
-------+----------+-------------------------------------------
     0 | D:1      | Quickbrownfox the Centaur Arcane Marksman began the quest
                  | for the Orb.
     0 | D:1      | Reached XP level 1. HP: 16/16 MP: 2/2
     0 | D:1      | Noticed a human
     2 | D:1      | Noticed a merfolk zombie
     4 | D:1      | Noticed a centaur
    11 | D:1      | Noticed a felid
    13 | D:1      | Noticed a human
    14 | D:1      | Noticed a human
    15 | D:1      | Noticed a naga
   104 | D:1      | Reached XP level 2. HP: 20/23 MP: 3/3
   112 | D:1      | Learned a level 2 spell: Slow
   170 | D:1      | Reached skill level 3 in Bows
   570 | D:2      | Reached XP level 3. HP: 27/28 MP: 2/4
   897 | D:2      | Reached skill level 4 in Bows
  1107 | D:2      | Found an iron altar of Okawaru.
  1115 | D:2      | Reached XP level 4. HP: 35/36 MP: 5/5
  1119 | D:2      | Became a worshipper of Warmaster Okawaru
  1565 | D:3      | Reached skill level 5 in Bows
  1565 | D:3      | Reached XP level 5. HP: 34/41 MP: 5/7
  1631 | D:3      | Found a shadowy altar of Dithmenos.
  1694 | D:3      | Noticed Grinder
  1695 | D:3      | Paralysed by Grinder for 5 turns
  1705 | D:3      | Paralysed by Grinder for 6 turns
  1713 | D:3      | Paralysed by Grinder for 4 turns
  1754 | D:3      | Paralysed by Grinder for 5 turns
  1778 | D:3      | Killed Grinder
  1778 | D:3      | Reached * piety under Okawaru
  1778 | D:3      | Reached skill level 6 in Bows
  1778 | D:3      | Reached XP level 6. HP: 9/50 MP: 8/8
  2161 | D:3      | Found a glowing golden altar of the Shining One.
  2166 | D:3      | Learned a level 3 spell: Portal Projectile
  2247 | D:4      | Found a sparkling altar of Nemelex Xobeh.
  2249 | D:4      | Found an ancient bone altar of Kikubaaqudgha.
  2250 | D:4      | Found a snail-covered altar of Cheibriados.
  2301 | D:4      | Noticed Pikel
  2301 | D:4      | Noticed a slave
  2303 | D:4      | Noticed a slave
  2303 | D:4      | Noticed a slave
  2305 | D:4      | Noticed a slave
  2324 | D:4      | Killed Pikel
  2324 | D:4      | Reached ** piety under Okawaru
  2324 | D:4      | Reached skill level 8 in Bows
  2324 | D:4      | Reached XP level 7. HP: 9/57 MP: 9/9
  2589 | D:4      | Reached skill level 9 in Bows
  2619 | D:4      | Noticed Robin
  2809 | D:4      | Killed Robin
  3125 | D:5      | Entered Level 5 of the Dungeon
  3150 | D:5      | Reached XP level 8. HP: 48/63 MP: 10/10
  3430 | D:4      | Reached *** piety under Okawaru
  3430 | D:4      | Reached skill level 1 in Armour
  3874 | D:4      | Mangled by an ice beast

Levels and vault maps discovered:
D:1:      shiori_arrival_whats_in_store_for_you, layout_loops_ring
D:2:      layout_loops_ring, first_ration, serial_bayou_pond_a, dk_vineyard_3,
          okawaru_trees_1
D:3:      layout_rooms, nicolae_dithmenos_through_a_glass_darkly,
          tso_oasis_becter, uniq_grinder
D:4:      layout_rooms, chequers_temple_overflow_statue_of_worship, uniq_robin,
          uniq_pikel
D:5:      layout_rooms, minmay_temple_entry_trees, nemelex_diamond_rough_becter,
          uniq_eustachio

Skill      XL: |  1  2  3  4  5  6  7  8 |
---------------+-------------------------+-----
Hexes          | 3 |  3.7
Bows           | 3 4 5 6 8 9 |  9.7
Fighting       | 2 3 |  3.6
Dodging        | 2 |  2.2
Armour         | 1 |  1.0
Short Blades   | |  0.2
Maces & Flails | |  0.7
Throwing       | |  0.2
Stealth        | |  0.1
Spellcasting   | |  1.9
Evocations     | |  0.4

Action                   |  1- 3 |  4- 6 |  7- 9 || total
-------------------------+-------+-------+-------++-------
Melee: Dagger            |       |    11 |       ||    11
       Kick              |       |     2 |    14 ||    16
       Whip              |       |       |    70 ||    70
 Fire: Shortbow          |    90 |   161 |    59 ||   310
Throw: Javelin           |       |       |    10 ||    10
 Cast: Corona            |     5 |    11 |     4 ||    20
       Slow              |     3 |     6 |       ||     9
Evoke: Wand              |       |     5 |       ||     5
  Use: Potion            |     1 |     5 |     1 ||     7
       Scroll            |       |     1 |     3 ||     4
 Stab: Distracted        |       |     1 |       ||     1
  Eat: Chunk             |       |     4 |     1 ||     5
       Ration            |       |       |     1 ||     1
Armor: Robe              |     9 |    11 |       ||    20
       Ring mail         |       |     2 |    45 ||    47
Dodge: Dodged            |    16 |    29 |    54 ||    99
Block: Other             |       |    17 |    41 ||    58
